 Dungeon Crawl Stone Soup version 0.26.0-16-gc1dbca0489 (webtiles) character file.

Game seed: 15711263981150770437

112 Gauvater the Shield-Bearer (level 5, -21/42 HPs)
             Began as a Formicid Fighter on Jan 19, 2021.
             Demolished by an ogre
             ... wielding a +0 giant club
              (26 damage)
             ... on level 4 of the Dungeon.
             The game lasted 00:10:37 (2337 turns).

Gauvater the Shield-Bearer (Formicid Fighter)       Turns: 2337, Time: 00:10:37

Health: -21/42     AC:  7    Str: 22    XL:     5   Next: 16%
Magic:  0/5        EV:  8    Int:  7    God:
Gold:   106        SH:  9    Dex: 10    Spells: 4/4 levels left

rFire    + . .     SeeInvis +   a - +0 war axe
rCold    . . .     Faith    .   c - +0 kite shield
rNeg     . . .     Spirit   +   b - +0 scale mail
rPois    .         Reflect  .   (helmet unavailable)
rElec    .         Harm     .   (no cloak)
rCorr    .         Rampage  .   (no gloves)
Will     .....                  (no boots)
Stlth    ..........             h - amulet of guardian spirit
HPRegen  0.14/turn              n - ring of protection from fire
MPRegen  0.09/turn              (no ring)

@: mighty
A: permanent stasis, dig shafts and tunnels, four strong arms, antennae 3
a: Dig, Shaft Self


You were on level 4 of the Dungeon.
You visited 1 branch of the dungeon, and saw 5 of its levels.

You collected 106 gold pieces.

Inventory:

Hand Weapons
 a - a +0 war axe (weapon)
Missiles
 f - 88 stones
 l - 4 boomerangs
 p - 18 poisoned darts
Armour
 b - a +0 scale mail (worn)
 c - a +0 kite shield (worn)
 e - a +0 tower shield
Jewellery
 h - an amulet of guardian spirit (around neck)
 n - a ring of protection from fire (left hand)
Scrolls
 g - 4 scrolls of identify {unknown}
 k - 6 scrolls of teleportation {unknown}
 q - 3 scrolls of remove curse {unknown}
 t - a scroll of magic mapping {unknown}
Potions
 i - a potion of heal wounds {unknown}
 j - a potion of degeneration {unknown}
 m - a potion of curing {unknown}
 o - 2 potions of attraction {unknown}
 r - a potion of lignification {unknown}
 s - a potion of flight {unknown}


   Skills:
 * Level 3.9 Fighting
 + Level 3.4 Axes
 + Level 3.7 Armour
 + Level 0.3 Dodging
 + Level 0.2 Stealth
 + Level 4.5 Shields


You had 4 spell levels left.
You didn't know any spells.
Your spell library was empty.

Dungeon Overview and Level Annotations

Branches:
Dungeon (5/15)
 Temple: D:4-7

Altars:
Xom

Annotations:
D:2 1 runed translucent door, Crazy Yiuf


Innate Abilities, Weirdness & Mutations

You cannot be hasted, slowed, berserked, paralysed or teleported.
You can dig through walls and to a lower floor.
Your four strong arms can wield two-handed weapons with a shield.
You have a pair of large antennae on your head. (SInv)


Message History

Throw: 19 darts (poison)
Press: ? - help, Shift-Dir - straight line, f/p - ogre
Aim: an ogre, wielding a +0 giant club (heavily wounded)
You throw a poisoned dart. The poisoned dart hits the ogre.
The ogre is poisoned.
The ogre is heavily wounded.
The ogre hits you with a +0 giant club!!
Ouch! That really hurt!
The ogre looks more healthy.
You hit the ogre.
The ogre is almost dead.
The ogre hits you with a +0 giant club!
* * * LOW HITPOINT WARNING * * *
You feel very mighty all of a sudden. The ogre closely misses you.
You barely miss the ogre.
The ogre is almost dead.
The ogre hits you with a +0 giant club!!
Ouch! That really hurt!
You die...

#############
#######...........#####
..........O@..........#
#######.#########.###.#
#.# #.# #.# #.#
#.###.######
#.#########..........#
#..........###........
#.###...##.#.......#.#
#(# #.#............#.#
#.# #...#..........#.#


You could see an ogre.

Vanquished Creatures
  A worker ant (D:4)
  3 adders (D:2)
  An ooze (D:2)
  An adder skeleton (D:4)
  2 dart slugs
  A worm (D:2)
  A giant cockroach (D:2)
  5 goblins
  6 hobgoblins
  7 jackals (D:1)
  6 kobolds
  A quokka (D:2)
  2 ball pythons
  5 bats
  5 frilled lizards
  4 rats
51 creatures vanquished.

Notes
Turn   | Place    | Note
-------+----------+-------------------------------------------
     0 | D:1      | Gauvater the Formicid Fighter began the quest for the Orb.
     0 | D:1      | Reached XP level 1. HP: 18/18 MP: 1/1
    86 | D:1      | Reached XP level 2. HP: 23/24 MP: 2/2
   215 | D:1      | Reached skill level 4 in Shields
   215 | D:1      | Reached XP level 3. HP: 29/29 MP: 3/3
  1079 | D:2      | Reached XP level 4. HP: 29/36 MP: 4/4
  1472 | D:2      | Found a shimmering altar of Xom.
  1473 | D:2      | Found a shimmering altar of Xom.
  1474 | D:2      | Found a shimmering altar of Xom.
  1475 | D:2      | Found a shimmering altar of Xom.
  1475 | D:2      | Found a shimmering altar of Xom.
  1479 | D:2      | Found a shimmering altar of Xom.
  1479 | D:2      | Found a shimmering altar of Xom.
  1479 | D:2      | Found a shimmering altar of Xom.
  1479 | D:2      | Found a shimmering altar of Xom.
  1829 | D:2      | Found a runed translucent door.
  1830 | D:2      | Noticed Crazy Yiuf
  1887 | D:3      | You fall into a shaft and drop 2 floors!
  1887 | D:5      | Entered Level 5 of the Dungeon
  1926 | D:4      | Reached XP level 5. HP: 17/42 MP: 5/5
  2315 | D:4      | Noticed an ogre
  2337 | D:4      | Demolished by an ogre

Illustrated notes

Levels and vault maps discovered:
D:1:      grunt_arrival_lava_bath, layout_basic
D:2:      layout_basic, xom_redecorated, uniq_crazy_yiuf_cottage
D:3:      layout_basic, skrybe_limestone_x, minmay_gold_behind_fungi,
          kennysheep_generic_room_15
D:4:      layout_loops_ring, lemuel_crystal_altar
D:5:      minmay_spotlight, layout_basic, grunt_decor_resistance

Skill      XL: |  1  2  3 |
---------------+----------+-----
Shields        | 4 |  4.5
Axes           | 3 |  3.4
Fighting       | |  3.9
Armour         | |  3.7
Dodging        | |  0.3
Stealth        | |  0.2

Action                   |  1- 3 |  4- 6 || total
-------------------------+-------+-------++-------
Melee: War axe           |   122 |    64 ||   186
Throw: Dart              |       |     2 ||     2
 Abil: Dig               |     3 |       ||     3
  Use: Potion            |       |     1 ||     1
Armor: Scale mail        |    77 |    23 ||   100
Dodge: Dodged            |    58 |    19 ||    77
Block: Kite shield       |   105 |    35 ||   140
